 Dungeon Crawl Stone Soup version 0.28.0-53-g5a82cb258f (webtiles) character file.

Game seed: 4297180118061771703

15007 Dadi the Fighter (level 12, -2/84 HPs)
             Began as a Gargoyle Fighter on Aug 13, 2022.
             Was a High Priest of Okawaru.
             Slain by a sun demon (8 damage)
             ... in a volcano.
             The game lasted 00:29:54 (15614 turns).

Dadi the Fighter (Gargoyle Fighter)                Turns: 15614, Time: 00:29:55

Health: -2/84      AC: 35    Str: 25    XL:     12   Next: 22%
Magic:  12/16      EV:  7    Int:  9    God:    Okawaru [*****.]
Gold:   673        SH:  0    Dex: 15    Spells: 11/11 levels left

rFire   + . .      SeeInvis .   a - +2 morningstar (freeze)
rCold   + . .      Faith    .   (no shield)
rNeg    + . .      Spirit   .   u - +9 plate armour "Pestrielu" {Will+ rCorr}
rPois   ∞          Reflect  .   (no helmet)
rElec   +          Harm     .   f - scarf {rC+ rF+}
rCorr   +          Rampage  .   (no gloves)
Will    ++...                   v - +2 pair of boots
Stlth   ..........              E - amulet of regeneration
HPRegen 1.04/turn               y - +6 ring of dexterity
MPRegen 0.15/turn               A - ring of willpower

@: finesse-ful
A: sickness immunity, AC +8, negative energy resistance 1, electricity
resistance, torment resistance 1, petrification resistance
a: Renounce Religion, Heroism, Finesse, Duel


You were in a volcano.
You worshipped Okawaru.
Okawaru was extremely pleased with you.
You visited 3 branches of the dungeon, and saw 14 of its levels.
You also visited: Volcano.

You collected 673 gold pieces.

Inventory:

Hand Weapons
 a - a +2 morningstar of freezing (weapon)
 I - a +1 dire flail
Armour
 f - a scarf of resistance (worn)
 u - the +9 plate armour "Pestrielu" (worn) {Will+ rCorr}
   (Okawaru gifted it to you on level 10 of the Dungeon)

   rCorr:     It protects you from acid and corrosion.
   Will:      It increases your willpower.
 v - a +2 pair of boots (worn)
Jewellery
 y - a +6 ring of dexterity (left hand)
 A - a ring of willpower (right hand)
 E - an amulet of regeneration (around neck)
Wands
 g - a wand of mindburst (12)
 p - a wand of flame (12)
 w - a wand of polymorph (6)
 B - a wand of acid (2)
 H - a wand of digging (5)
Scrolls
 e - a scroll of identify
 i - 3 scrolls of immolation
 j - 2 scrolls of enchant armour {unknown}
 k - 2 scrolls of vulnerability {unknown}
 m - 2 scrolls of holy word {unknown}
 n - a scroll of blinking
 o - a scroll of fear
 q - 3 scrolls of silence {unknown}
 t - a scroll of teleportation
 x - 2 scrolls of summoning {unknown}
 z - 3 scrolls of noise
 G - 3 scrolls of amnesia
Potions
 b - 2 potions of cancellation
 c - a potion of degeneration
 d - 3 potions of might
 h - a potion of heal wounds
 l - a potion of ambrosia
 s - 2 potions of flight
 C - a potion of lignification
 F - 2 potions of brilliance


   Skills:
 - Level 13.0 Fighting
 * Level 12.5 Maces & Flails
 + Level 9.3 Armour
 - Level 3.2 Shields
 + Level 6.5 Invocations


You had 11 spell levels left.
You didn't know any spells.
Your spell library contained the following spells:

 Spells                   Type           Power      Damage    Failure   Level
 Apportation              Tloc           0%         N/A       99%         1
 Corpse Rot               Necr/Air       0%         N/A       100%        2
 Poisonous Vapours        Pois/Air       0%         N/A       100%        2
 Portal Projectile        Hex/Tloc       0%         N/A       100%        3
 Stone Arrow              Conj/Erth      0%         3d7       100%        3
 Leda's Liquefaction      Hex/Erth       0%         N/A       100%        4
 Alistair's Intoxication  Tmut/Pois      0%         N/A       100%        5
 Blade Hands              Tmut           0%         N/A       100%        5
 Fireball                 Conj/Fire      0%         3d3       100%        5
 Irradiate                Conj/Tmut      0%         3d14      100%        5
 Iskenderun's Battlesphe  Conj           0%         2d6       100%        5
 Conjure Ball Lightning   Conj/Air       0%         3x3d6     100%        6
 Dragon Form              Tmut           0%         N/A       100%        7
 Orb of Destruction       Conj           0%         9d5       100%        7
 Lehudib's Crystal Spear  Conj/Erth      0%         10d2      100%        8
 Call Canine Familiar     Summ           Unusable   N/A       N/A         3
 Animate Armour           Summ/Erth      Unusable   N/A       N/A         4

Dungeon Overview and Level Annotations

Branches:
Dungeon (10/15)            Temple (1/1) D:4            Lair (3/6) D:8
    Orc (0/2) D:9         Volcano (1/1)
  Swamp: Lair:2-4    Shoals: Lair:2-4     Snake: Lair:2-4    Spider: Lair:2-4

Altars:
Ashenzari
Cheibriados
Dithmenos
Elyvilon
Fedhas
Gozag
Hepliaklqana
Kikubaaqudgha
Makhleb
Nemelex Xobeh
Okawaru
Qazlal
Ru
Sif Muna
Trog
Uskayaw
Vehumet
Wu Jian
Xom
Yredelemnul
Zin
The Shining One

Annotations:
D:5 2 transporters, Placeboclown's ghost, novice DEFE
Lair:2 Fannar


Innate Abilities, Weirdness & Mutations

You are immune to sickness and miasma.
Your stone body is resilient. (AC +8)
You are immune to poison.
You resist negative energy. (rN+)
You are resistant to electric shocks. (rElec)
You are resistant to unholy torment.
You are immune to petrification.


Message History

The sun demon hits you!
You are engulfed in flames!
You resist.
You hit the sun demon but do no damage.
A sun demon comes into view.
You closely miss the sun demon.
The sun demon shouts!
The sun demon hits you but does no damage.
You hit the sun demon. You freeze the sun demon.
Your punch misses the sun demon.
The sun demon is lightly wounded.
You bludgeon the sun demon!! You freeze the sun demon.
The sun demon is heavily wounded.
The sun demon hits you.
You are engulfed in flames!
You resist.
You puncture the sun demon! You freeze the sun demon.
The sun demon is almost dead.
You sock the sun demon! You freeze the sun demon.
You kill the sun demon!
Okawaru is honoured by your kill.
A hell hound comes into view.
The sun demon hits you!!
You are engulfed in flames!
You resist.
You are too injured to fight recklessly!
You are too injured to fight recklessly!
You are too injured to fight recklessly!
You barely miss the sun demon. You closely miss the sun demon.
The sun demon closely misses you.
You hit the sun demon but do no damage.
The sun demon hits you but does no damage.
You puncture the sun demon! You freeze the sun demon.
The sun demon is moderately wounded.
You hit the sun demon. You freeze the sun demon.
The sun demon is moderately wounded.
The sun demon hits you!
You are engulfed in flames!
You resist.
* * * LOW HITPOINT WARNING * * *
You barely miss the sun demon.
The sun demon is moderately wounded.
You miss the sun demon.
The sun demon is moderately wounded.
The sun demon hits you!
* * * LOW HITPOINT WARNING * * *
You are engulfed in flames!
You resist.
You die...

.........§...§.####
#.........≈.§....##
#......#≈##......## ##
##.≈...####§......## .###.
#....## ##.......# ...§.#
##.....# #........
..§.§§##......## #.§...[..
.§..#..........####§.##....
.§..≈...h3@..........#####.
..§.......≈##†........####.
...§≈....#####..........###
....≈...## #...........##
..#.##### ##.....#.....# #
########..... ##§... #§.§.
#.§..


You could see a sun demon and a hell hound.

Vanquished Creatures
  2 hydras
  2 two-headed ogres
  A sun demon (Volcano)
  A smoke demon (Volcano)
  4 cane toads
  3 komodo dragons
  A rime drake (D:8)
  2 trolls (D:9)
  4 blink frogs (Lair:3)
  Grinder (D:3)
  A shadow (D:10)
  8 yaks
  7 steam dragons
  A basilisk (Lair:1)
  4 wyverns
  A warg (D:9)
  Edmund (D:5)
  2 hell hounds (Volcano)
  4 water moccasins (Lair:1)
  4 orc warriors
  A sky beast (D:7)
  2 necrophages
  4 wolves
  A phantom (D:4)
  3 ogres
  A kobold brigand (D:6)
  3 scorpions
  A wyvern zombie (D:7)
  10 bullfrogs
  2 water moccasin zombies
  2 wyvern skeletons
  6 killer bees
  16 wights
  2 electric eels (D:9)
  3 howler monkeys
  6 centaur zombies
  4 hounds
  5 orc priests
  A centaur skeleton (D:5)
  2 iguanas
  7 orc wizards
  2 killer bee zombies
  2 howler monkey skeletons (D:4)
  5 adders
  6 gnolls
  A howler monkey zombie (D:5)
  A shadow imp (D:5)
  A white imp (D:5)
  An ufetubus (D:6)
  2 adder skeletons
  4 worms
  2 dart slugs (D:4)
  36 orcs
  5 ball pythons
  6 bats
  9 endoplasms
  5 giant cockroaches
  6 goblins
  8 hobgoblins
  4 jackals (D:5)
  12 kobolds
  3 quokkas
  2 frilled lizards
  6 rats
  A butterfly (Lair:1)
266 creatures vanquished.

Vanquished Creatures (others)
  A kobold (D:6)
  A fungus (Lair:2)
  7 plants
9 creatures vanquished.

Grand Total: 275 creatures vanquished

Notes
Turn   | Place    | Note
-------+----------+-------------------------------------------
     0 | D:1      | Dadi the Gargoyle Fighter began the quest for the Orb.
     0 | D:1      | Reached XP level 1. HP: 14/14 MP: 1/1
   261 | D:1      | Reached XP level 2. HP: 17/20 MP: 2/2
   375 | D:1      | Reached skill level 4 in Fighting
   812 | D:2      | Found a faded altar of an unknown god.
   828 | D:1      | Reached XP level 3. HP: 11/24 MP: 3/3
  1074 | D:2      | Reached skill level 5 in Fighting
  1344 | D:2      | Reached XP level 4. HP: 21/31 MP: 4/4
  2456 | D:3      | Noticed Grinder
  2468 | D:3      | You fall into a shaft and drop 2 floors!
  2468 | D:5      | Entered Level 5 of the Dungeon
  2513 | D:5      | Reached skill level 6 in Fighting
  2513 | D:5      | Reached XP level 5. HP: 36/36 MP: 5/5
  2531 | D:4      | Found a broken altar of Ashenzari.
  2583 | D:4      | Noticed a necrophage
  2605 | D:4      | Killed a necrophage
  2606 | D:4      | Reached skill level 7 in Fighting
  2668 | D:4      | Reached XP level 6. HP: 32/44 MP: 6/6
  2786 | D:4      | Found a staircase to the Ecumenical Temple.
  2805 | Temple   | Entered the Ecumenical Temple
  3057 | D:4      | Reached skill level 8 in Fighting
  3707 | D:4      | Reached XP level 7. HP: 30/50 MP: 7/7
  4729 | D:3      | Reached skill level 9 in Fighting
  4752 | D:3      | Killed Grinder
  5213 | D:4      | Found an iron altar of Okawaru.
  5278 | D:4      | Became a worshipper of Warmaster Okawaru
  5595 | D:4      | Reached skill level 10 in Fighting
  5981 | D:5      | Reached XP level 8. HP: 57/57 MP: 8/8
  6017 | D:5      | Noticed Edmund
  6028 | D:5      | Killed Edmund
  6120 | D:5      | Reached skill level 11 in Fighting
  6142 | D:5      | Reached * piety under Okawaru
  6634 | D:5      | Found a hide-covered altar of Uskayaw.
  6673 | D:5      | Noticed Placeboclown's ghost (novice DEFE)
  6674 | D:5      | Found a transporter.
  6676 | D:5      | Found a transporter.
  7136 | D:6      | Reached skill level 12 in Fighting
  7416 | D:6      | Reached XP level 9. HP: 58/67 MP: 9/9
  7568 | D:6      | Found a radiant altar of Vehumet.
  7707 | D:6      | Found a snail-covered altar of Cheibriados.
  7841 | D:6      | Reached ** piety under Okawaru
  8129 | D:6      | Reached skill level 13 in Fighting
  8667 | D:7      | Reached skill level 5 in Maces & Flails
  9946 | D:8      | Noticed a two-headed ogre
 10207 | D:9      | Noticed a two-headed ogre
 10224 | D:10     | Entered Level 10 of the Dungeon
 10386 | D:8      | Found a staircase to the Lair.
 10731 | D:8      | Reached XP level 10. HP: 68/73 MP: 10/10
 11070 | D:8      | Reached skill level 5 in Armour
 11173 | D:9      | Reached *** piety under Okawaru
 11355 | Lair:1   | Entered Level 1 of the Lair of Beasts
 11662 | Lair:1   | Reached **** piety under Okawaru
 11681 | Lair:1   | Noticed a cane toad
 11866 | D:8      | Killed a cane toad
 12099 | Lair:1   | Noticed a cane toad
 12107 | Lair:1   | Killed a cane toad
 12108 | Lair:1   | Reached skill level 1 in Invocations
 12131 | Lair:1   | Received a gift from Okawaru
 12325 | Lair:1   | Reached ***** piety under Okawaru
 12326 | Lair:1   | Reached skill level 10 in Maces & Flails
 12326 | Lair:1   | Reached XP level 11. HP: 49/78 MP: 11/13
 12466 | Lair:1   | Noticed a six-headed hydra
 13389 | D:8      | Killed a two-headed ogre
 13674 | D:9      | Found a burning altar of Makhleb.
 13881 | D:9      | Found a staircase to the Orcish Mines.
 14176 | D:9      | Killed a two-headed ogre
 14517 | D:10     | Identified the +9 plate armour "Pestrielu" {Will+ rCorr}
                  | (Okawaru gifted it to you on level 10 of the Dungeon)
 14517 | D:10     | Received a gift from Okawaru
 14649 | D:8      | Killed a six-headed hydra
 14763 | Lair:1   | Reached skill level 5 in Invocations
 15175 | Lair:2   | Noticed Fannar
 15208 | Lair:2   | Noticed a six-headed hydra
 15251 | Lair:2   | Noticed an eight-headed hydra
 15260 | Lair:2   | Killed an eight-headed hydra
 15282 | Lair:2   | Noticed a swamp dragon
 15386 | Lair:3   | Found a dark tunnel.
 15419 | Lair:3   | Reached XP level 12. HP: 84/84 MP: 16/16
 15432 | Volcano  | Entered a volcano
 15595 | Volcano  | Noticed a sun demon
 15600 | Volcano  | Noticed a sun demon
 15605 | Volcano  | Killed a sun demon
 15614 | Volcano  | Slain by a sun demon

Illustrated notes

Levels and vault maps discovered:
D:1:      mushboom_english_gardens, layout_loops_cross, minmay_pentomino_o4
D:2:      layout_loops_cross, shapermc_ecumenical_altar_pompeii
D:3:      layout_basic, uniq_grinder
D:4:      layout_gridville, ashenzari_altar_1, nicolae_overflow_crystal_walls,
          minmay_temple_entry_wispy
D:5:      layout_loops_ring, lemuel_tele_altar, gammafunk_ghost_hive,
          uniq_edmund
D:6:      layout_rooms, mainiacjoe_overflow_catwalk_spiral
D:7:      layout_layer_cave, minivault_19
D:8:      layout_basic, lair_entry_dummy
D:9:      statuecave_lemuel, layout_basic, mainiacjoe_overflow_alcove_4,
          david_orc_1_choice
D:10:     layout_roguey, minmay_ruffians, uniq_erolcha
Temple:   regret_index_temple_sphere_string
Lair:1:   layout_long_grid, beast_lair_carwin_7, lemuel_fruit_fields
Lair:2:   layout_chaotic_city, minmay_swamp_entry_reptiles,
          guppyfry_snake_entry_garden, gammafunk_ghost_arena,
          grunt_megastairs_5, uniq_fannar
Lair:3:   layout_chaotic_city, nicolae_volcano_entry_lava_flow, roderic_batcave,
          nicolae_lair_run_with_the_wolves, infiniplex_staircase_pool_2
Volcano:  hellmonk_smoking_crater

Skill      XL: |  1  2  3  4  5  6  7  8  9 10 11 12 |
---------------+-------------------------------------+-----
Fighting       | 4 5 6 7 8 10 12 13 | 13.0
Maces & Flails | 7 10 12 | 12.5
Armour         | 4 7 8 9 |  9.3
Invocations    | 2 5 6 |  6.5
Shields        | |  3.2

Action                   |  1- 3 |  4- 6 |  7- 9 | 10-12 || total
-------------------------+-------+-------+-------+-------++-------
Melee: Flail             |   102 |   168 |   171 |       ||   441
       Dire flail        |       |       |   314 |    36 ||   350
       Morningstar       |       |       |       |   337 ||   337
       Punch             |       |       |       |     4 ||     4
Invok: Heroism           |       |       |       |     2 ||     2
       Finesse           |       |       |       |     5 ||     5
Evoke: Wand              |       |       |       |     2 ||     2
  Use: Scroll            |       |       |       |    13 ||    13
Armor: Scale mail        |    75 |   111 |   262 |       ||   448
       Quicksilver drago |       |       |    44 |   184 ||   228
       Plate armour      |       |       |       |   110 ||   110
Dodge: Dodged            |    58 |   102 |   290 |   188 ||   638
Block: Buckler           |    30 |    27 |    43 |       ||   100
